 Dungeon Crawl Stone Soup version 0.30-a0-860-g512cf1e979 (webtiles) character file.

Game seed: 2997757964203855744

3726 Lobster4 the Summoner (level 10, -1/58 HPs)
             Began as a Tengu Summoner on Mar 7, 2023.
             Was an Initiate of Gozag.
             Killed from afar by an acid dragon (31 damage)
             ... with a splash of acid
             ... on level 8 of the Dungeon.
             The game lasted 00:37:21 (7484 turns).

Lobster4 the Summoner (Tengu Summoner)              Turns: 7484, Time: 00:37:21

Health: -1/58      AC:  6    Str:  8    XL:     10   Next: 14%
Magic:  24/27      EV: 17    Int: 20    God:    Gozag
Gold:   595        SH:  0    Dex: 15    Spells: 8/18 levels left

rFire   . . .      SeeInvis .    u - +1 short sword (venom)
rCold   + . .      Faith    .    (no shield)
rNeg    . . .      Spirit   .    d - +2 robe {rC+}
rPois   +          Reflect  .    (helmet restricted)
rElec   .          Rampage  .    L - +0 cloak
rCorr   .                        N - +0 pair of gloves
Will    .....                    (boots unavailable)
Stlth   ++                       y - amulet of magic regeneration
HPRegen 0.29/turn                c - ring of poison resistance
MPRegen 0.60/turn                g - ring of magical power

@: flying quickly and evasively, quick
A: beak, talons 3, nimble flight
a: Renounce Religion, Potion Petition, Call Merchant, Bribe Branch


You were on level 8 of the Dungeon.
You worshipped Gozag.
Gozag was pleased with you.
You visited 2 branches of the dungeon, and saw 9 of its levels.
You also visited: Ossuary.

You collected 758 gold pieces.
You paid 163 gold pieces to Gozag.

Inventory:

Hand Weapons
 i - a +0 sling
 r - a +1 whip of flaming
 t - a +2 rapier of speed
 u - a +1 short sword of venom (weapon)
Missiles
 w - 7 poisoned darts (quivered)
 D - 2 throwing nets
Armour
 d - a +2 robe of cold resistance (worn)
 G - a +0 buckler
 L - a +0 cloak (worn)
 N - a +0 pair of gloves (worn)
Jewellery
 c - a ring of poison resistance (left hand)
 g - a ring of magical power (right hand)
 l - a ring of positive energy
 y - an amulet of magic regeneration (around neck)
 H - a +6 ring of dexterity
 P - a ring of protection from cold
Wands
 q - a wand of charming (7)
 x - a wand of flame (37)
 A - a wand of iceblast (10)
 E - a wand of digging (6)
Scrolls
 j - 2 scrolls of blinking
 m - 4 scrolls of teleportation
 n - a scroll of summoning
 o - a scroll of fog
 s - a scroll of magic mapping
 z - a scroll of poison
 I - a scroll of immolation
 J - a scroll of acquirement
 K - a scroll of enchant armour {unknown}
 M - 2 scrolls of enchant weapon
Potions
 a - 2 potions of brilliance
 b - 2 potions of magic
 e - 3 potions of curing
 f - 3 potions of resistance {unknown}
 h - a potion of might {unknown}
 k - 3 potions of heal wounds {unknown}
 p - 2 potions of ambrosia
 v - 4 potions of haste
 B - a potion of invisibility
 C - 3 potions of attraction {unknown}
 O - a potion of lignification {unknown}


   Skills:
 + Level 4.8 Fighting
 - Level 2.0 Short Blades
 - Level 2.0 Throwing
 + Level 5.1 Armour
 + Level 5.8 Dodging
 - Level 2.0 Stealth
 + Level 3.7 Shields
 + Level 4.8 Spellcasting
 * Level 9.8 Summonings
 + Level 5.4 Air Magic
 - Level 3.0 Evocations


You had 8 spell levels left.
You knew the following spells:

 Your Spells              Type           Power      Damage    Failure   Level
a - Summon Small Mammal   Summ           100%       N/A       1%          1
b - Call Imp              Summ           44%        N/A       1%          2
c - Call Canine Familiar  Summ           44%        N/A       1%          3
d - Summon Lightning Spi  Summ/Air       35%        N/A       4%          4

Your spell library contained the following spells:

 Spells                   Type           Power      Damage    Failure   Level
 Summon Guardian Golem    Hex/Summ       24%        N/A       4%          3
 Freeze                   Ice            16%        1d4       12%         1
 Kiss of Death            Conj/Necr      16%        2d6       12%         1
 Sandblast                Erth           8%         2d5       12%         1
 Passwall                 Tmut/Erth      3%         N/A       19%         2
 Scorch                   Fire           8%         2d5       19%         2
 Summon Cactus Giant      Summ           22%        N/A       30%         6
 Confusing Touch          Hex            4%         N/A       34%         3
 Frozen Ramparts          Ice            8%         1d2       34%         3
 Hailstorm                Conj/Ice       4%         3d4       34%         3
 Stone Arrow              Conj/Erth      8%         3d7       34%         3
 Dispel Undead            Necr           4%         3d7       75%         4
 Flame Wave               Conj/Fire      4%         2d5       75%         4
 Ice Form                 Ice/Tmut       4%         N/A       75%         4
 Blade Hands              Tmut           2%         N/A       97%         5
 Irradiate                Conj/Tmut      2%         3d12      97%         5
 Dragon Form              Tmut           2%         N/A       100%        7
 Simulacrum               Ice/Necr       Unusable   N/A       N/A         6

Dungeon Overview and Level Annotations

Branches:
Dungeon (8/15)             Temple (1/1) D:7         Ossuary (visited)
   Lair: D:8-11

Altars:
Ashenzari
Cheibriados
Dithmenos
Elyvilon
Fedhas
Gozag
Hepliaklqana
Kikubaaqudgha
Makhleb
Nemelex Xobeh
Qazlal
Ru
Sif Muna
Uskayaw
Vehumet
Wu Jian
Xom
Yredelemnul
Zin
The Shining One

Shops:
D:5 (   D:7 [

Annotations:
D:5 Edmund


Innate Abilities, Weirdness & Mutations

You have a beak for a mouth.
You have claws for feet.
Your magical nature lets you fly swiftly and evasively.


Message History

You claw the acid dragon, but do no damage.
The acid dragon is lightly wounded.
Your crimson imp hits the acid dragon.
The acid dragon spits acid at you. The splash of acid hits you!!
Ouch! That really hurt!
You hear a shout! x3
You barely miss the acid dragon. Your kick misses the acid dragon.
You peck the acid dragon, but do no damage.
You punch the acid dragon, but do no damage.
The acid dragon is moderately wounded.
Your crimson imp hits the acid dragon but does no damage.
Casting: Call Canine Familiar (safe; 1% risk of failure)
Confirm with . or Enter, or press ? or * to list all spells.
The acid dragon barely misses you.
The acid dragon claws you but does no damage.
Your crimson imp closely misses the acid dragon.
Unknown command.
Casting: Call Canine Familiar (safe; 1% risk of failure)
Confirm with . or Enter, or press ? or * to list all spells.
The acid dragon bites you but does no damage.
The acid dragon claws you but does no damage.
Your crimson imp blinks!
Unknown command.
Casting: Summon Small Mammal (safe; 1% risk of failure)
Confirm with . or Enter, or press ? or * to list all spells.
Your hound bites the acid dragon but does no damage.
The acid dragon misses you.
The acid dragon claws you but does no damage.
Your quokka bites the acid dragon but does no damage.
Your hound closely misses the acid dragon.
Unknown command.
You hit the acid dragon but do no damage.
Your kick misses the acid dragon.
The acid dragon is moderately wounded.
The acid dragon spits acid at you. The splash of acid hits you!!
Ouch! That really hurt!
You die...
Your body crumbles into a pile of gold.

##....###### #...
##.)..#...###....
########........#....#
#....###.............#
#....##...............
#######....#......##.......
##...###......#.........# .
##....#.#......#....5....###..
#.............r.@h............
#........#......Dr##..........
##......##.......(####........
#.#.............##.##..##....
...#..##......................
....#..#......................
....#...........)$............
..............................
.......##.#............#......


You could see an acid dragon (catching breath, ally target), a friendly hound
(summoned), a friendly crimson imp (summoned) and 2 friendly quokkas.

Vanquished Creatures
  An ice beast (D:7)
  A phantom (D:7)
  3 centaurs
  A bullfrog (D:8)
  5 killer bees
  A howler monkey (D:7)
  A gnoll bouda (D:8)
  5 hounds
  Ijyb (D:4)
  2 orc wizards (D:5)
  A hound zombie (Ossuary)
  2 mummies (Ossuary)
  2 gnolls (D:6)
  A shadow imp (D:3)
  2 ufetubi
  2 adder zombies (Ossuary)
  A dart slug (D:3)
  4 orcs
  A giant cockroach (D:3)
  A gnoll zombie (Ossuary)
  A goblin (D:3)
  A hobgoblin (D:3)
  8 jackals
  2 ball pythons
  2 bats
  A frilled lizard (D:1)
  2 jackal zombies (Ossuary)
  2 kobolds
  A rat (D:2)
58 creatures vanquished.

Vanquished Creatures (collateral kills)
  Pikel (D:5)
  2 steam dragons (D:8)
  2 water moccasins
  An orc warrior (D:7)
  An ice beast (D:7)
  A sky beast (D:7)
  4 ogres
  A black bear (D:8)
  A centaur (D:7)
  2 lemures (D:6)
  A phantom (D:5)
  Blork the orc (D:4)
  2 bullfrogs
  A scorpion (D:5)
  A howler monkey (D:4)
  A jelly (D:5)
  2 hounds
  An orc priest (D:5)
  3 iguanas
  3 orc wizards
  2 mummies (Ossuary)
  3 adders
  10 gnolls
  A shadow imp (D:6)
  2 ufetubi
  2 dart slugs
  12 orcs
  5 endoplasms
  A giant cockroach (D:1)
  A gnoll zombie (Ossuary)
  2 goblins
  5 hobgoblins
  3 jackals
  A quokka (D:2)
  A ball python (D:4)
  A bat (D:1)
  2 frilled lizards
  A hobgoblin zombie (Ossuary)
  2 jackal zombies (Ossuary)
  4 kobolds
  A kobold zombie (Ossuary)
  3 rats
  A rat zombie (Ossuary)
  A spectral kobold (D:3)
99 creatures vanquished.

Vanquished Creatures (others)
  A bullfrog (D:8)
1 creature vanquished.

Grand Total: 158 creatures vanquished

Notes
Turn   | Place    | Note
-------+----------+-------------------------------------------
     0 | D:1      | Lobster4 the Tengu Summoner began the quest for the Orb.
     0 | D:1      | Reached XP level 1. HP: 10/10 MP: 4/4
   513 | D:1      | Reached skill level 5 in Summonings
   717 | D:1      | Reached XP level 2. HP: 16/16 MP: 3/6
  1126 | D:2      | Learned a level 2 spell: Call Imp
  1900 | D:3      | Reached XP level 3. HP: 17/20 MP: 7/7
  1936 | D:3      | Reached skill level 1 in Short Blades
  1949 | D:3      | Reached skill level 1 in Fighting
  2057 | D:3      | Reached skill level 1 in Armour
  2062 | D:3      | Reached XP level 4. HP: 23/25 MP: 8/8
  2328 | D:3      | Found a radiant altar of Vehumet.
  2331 | D:3      | Found a hide-covered altar of Uskayaw.
  2335 | D:3      | Found a sacrificial altar of Ru.
  2429 | D:3      | Found a shimmering blue altar of Sif Muna.
  2463 | D:3      | Found a hazy altar of Hepliaklqana.
  2627 | D:4      | Learned a level 3 spell: Call Canine Familiar
  2679 | D:4      | Noticed Blork the orc
  2690 | D:4      | Noticed an ogre
  2812 | D:4      | Gained mutation: Your magical nature lets you fly swiftly
                  | and evasively. [Tengu growth]
  2812 | D:4      | Reached XP level 5. HP: 21/29 MP: 9/9
  2828 | D:4      | Killed an ogre
  2829 | D:4      | Reached skill level 6 in Summonings
  2829 | D:4      | Reached XP level 6. HP: 30/35 MP: 11/11
  2831 | D:4      | Noticed Ijyb
  2857 | D:4      | Killed Ijyb
  2927 | D:4      | Found a white marble altar of Elyvilon.
  3109 | D:4      | Killed Blork the orc
  3573 | D:4      | Learned a level 4 spell: Summon Lightning Spire
  3574 | D:5      | Entered Level 5 of the Dungeon
  3621 | D:5      | Found a sand-covered staircase.
  3625 | Ossuary  | Entered an ossuary
  3674 | Ossuary  | Reached skill level 1 in Throwing
  3674 | Ossuary  | Reached XP level 7. HP: 40/40 MP: 12/12
  3962 | D:5      | Reached skill level 1 in Evocations
  3967 | D:5      | Reached skill level 1 in Air Magic
  4264 | D:5      | Found Zulleod's Weapon Shoppe.
  4450 | D:5      | Reached skill level 7 in Summonings
  4529 | D:5      | Noticed Edmund
  4652 | D:5      | Reached XP level 8. HP: 45/45 MP: 14/14
  4875 | D:6      | Reached skill level 1 in Shields
  4980 | D:6      | Identified a scroll of acquirement
  5139 | D:6      | Noticed Pikel
  5396 | D:5      | Killed Pikel
  5397 | D:5      | Reached skill level 8 in Summonings
  5397 | D:5      | Reached XP level 9. HP: 42/52 MP: 16/16
  5693 | D:6      | You are sucked into a shaft and drop 1 floor!
  5783 | D:7      | Reached skill level 5 in Dodging
  5936 | D:7      | Found a staircase to the Ecumenical Temple.
  5958 | Temple   | Entered the Ecumenical Temple
  6048 | Temple   | Became a worshipper of Gozag Ym Sagoz the Greedy
  6157 | D:7      | Reached skill level 9 in Summonings
  6161 | D:7      | Found an ornate altar of the Wu Jian Council.
  6163 | D:7      | Found a broken altar of Ashenzari.
  6398 | D:7      | Found a sparkling altar of Nemelex Xobeh.
  6509 | D:7      | Found Ixtix's Armour Emporium.
  6876 | D:8      | Reached skill level 5 in Air Magic
  6952 | D:7      | Reached XP level 10. HP: 35/58 MP: 18/18
  7202 | D:8      | Reached skill level 5 in Armour
  7484 | D:8      | Killed from afar by an acid dragon

Illustrated notes

Levels and vault maps discovered:
D:1:      dpeg_arrival_another_circle, layout_basic
D:2:      layout_loops_ring
D:3:      layout_basic, nicolae_hepliaklqana_monster_ancestors,
          grunt_temple_overflow_diamond, lemuel_blue_sif_altar,
          kennysheep_generic_room_11
D:4:      layout_basic, nicolae_overflow_crystal_walls, uniq_ijyb,
          uniq_blork_the_orc
D:5:      layout_loops_cross, enter_ossuary_5, serial_shops, nicolae_shop_trees,
          grunt_decor_arrowhead, minmay_a_box_with_orc_wizards_in_it,
          uniq_edmund
D:6:      layout_rooms, uniq_pikel
D:7:      layout_loops_ring, old_standard_altar, jmf_multi_god_temple,
          minmay_temple_entry_arrows, serial_shops, kennysheep_mini
D:8:      layout_cave_pools, nzn_random_ring
Temple:   nicolae_temple_ecumenical_triangle

Skill      XL: |  1  2  3  4  5  6  7  8  9 10 |
---------------+-------------------------------+-----
Summonings     | 5 6 7 8 9 |  9.8
Short Blades   | 1 2 |  2.0
Fighting       | 1 2 3 4 |  4.8
Armour         | 1 2 3 4 5 |  5.1
Dodging        | 3 4 5 |  5.8
Spellcasting   | 3 4 |  4.8
Throwing       | 1 2 |  2.0
Evocations     | 1 2 3 |  3.0
Air Magic      | 2 3 5 |  5.4
Shields        | 2 3 |  3.7
Stealth        | |  2.0

Action                     |  1- 3 |  4- 6 |  7- 9 | 10-12 || total
---------------------------+-------+-------+-------+-------++-------
  Melee: Short sword       |    35 |    34 |       |    12 ||    81
         Kick              |     5 |    18 |    51 |     5 ||    79
         Peck              |     2 |     9 |    35 |     5 ||    51
         Rapier            |       |    21 |   167 |     9 ||   197
         Punch             |       |       |       |     2 ||     2
  Throw: Dart              |       |     1 |     5 |     1 ||     7
   Cast: Summon Small Mamm |    42 |    40 |    62 |    13 ||   157
         Call Imp          |     9 |    14 |    27 |     3 ||    53
         Call Canine Famil |       |     9 |    32 |     5 ||    46
  Evoke: Wand              |       |     2 |       |       ||     2
    Use: Scroll            |       |     4 |    15 |       ||    19
   Stab: Sleeping          |     1 |       |     1 |       ||     2
         Distracted        |       |     2 |     1 |       ||     3
 Armour: Robe              |     7 |    21 |    35 |     8 ||    71
  Dodge: Dodged            |    21 |    63 |   158 |    34 ||   276

Table legend: (Time is in decaauts)
 A = Elapsed time spent in this place.
 B = Non-inter-level travel time spent in this place.
 C = Inter-level travel time spent in this place.
 D = Time resting spent in this place.
 E = Time spent auto-exploring this place.
 F = Levels seen in this place.
 G = Mean time per level.
                   A        B        C        D        E       F      G
               +--------+--------+--------+--------+--------+-----+--------+
         Total |   7137 |   6753 |    384 |    844 |   3832 |  10 |  713.7 |
       Dungeon |   6833 |   6463 |    370 |    810 |   3788 |   8 |  854.1 |
        Temple |    101 |     87 |     14 |      0 |     42 |   1 |  101.0 |
       Ossuary |    201 |    201 |      0 |     34 |      1 |   1 |  201.0 |
               +--------+--------+--------+--------+--------+-----+--------+

Top non-repeatable levels by time:
     D:7: 1215 daAuts
     D:1: 1168 daAuts
     D:5: 1057 daAuts
     D:4: 822 daAuts
     D:3: 811 daAuts
     D:6: 733 daAuts
     D:2: 711 daAuts
     D:8: 314 daAuts
 Ossuary: 201 daAuts
  Temple: 101 daAuts
